 Dungeon Crawl Stone Soup version 0.24.0-28-g17ded55e90 (webtiles) character file.

Game seed: 3467050800878414122, levelgen mode: deterministic

801 Delamore the Cleaver (level 7, -1/57 HPs)
             Began as a Hill Orc Fighter on Nov 11, 2019.
             Slain by a sky beast (6 damage)
             ... on level 5 of the Dungeon.
             The game lasted 00:06:10 (4583 turns).

Delamore the Cleaver (Hill Orc Fighter)             Turns: 4583, Time: 00:06:10

Health: -1/57      AC:  6    Str: 20 (21) XL:     7   Next: 90%
Magic:  7/7        EV:  7    Int:  9 (10) God:
Gold:   258        SH:  8    Dex:  3 (10) Spells: 6/6 levels left

rFire    . . .     SeeInvis .   x - -2 war axe (curse)
rCold    . . .     Gourm    .   c - +0 shield
rNeg     . . .     Faith    .   b - +0 scale mail
rPois    .         Spirit   .   g - +0 hat
rElec    .         Reflect  .   (no cloak)
rCorr    .         Harm     +   (no gloves)
MR       .....                  (no boots)
Stlth    ..........             r - amulet of harm
HPRegen  0.19/turn              p - +2 ring of intelligence
MPRegen  0.10/turn              w - ring of attention (curse)

@: no status effects
A: no striking features
a: no special abilities


You were on level 5 of the Dungeon.
You were hungry.

You visited 1 branch of the dungeon, and saw 5 of its levels.

You collected 258 gold pieces.

Inventory:

Hand Weapons
 a - a +1 war axe
 x - a cursed -2 war axe (weapon)
Missiles
 s - 8 curare-tipped darts (quivered)
Armour
 b - a +0 scale mail (worn)
 c - a +0 shield (worn)
 g - a +0 hat (worn)
Jewellery
 p - a +2 ring of intelligence (left hand)
 r - an amulet of harm (around neck)
 v - an uncursed amulet of regeneration {unknown}
 w - a cursed ring of attention (right hand)
Wands
 q - a wand of flame (18)
 z - a wand of paralysis (6)
 A - a wand of disintegration (11)
Scrolls
 l - 2 scrolls of identify
 m - a scroll of immolation
 n - a scroll of magic mapping
 u - a scroll of fog
 y - 3 scrolls of remove curse
Potions
 d - 4 potions of might
 e - a potion of cancellation {unknown}
 h - 2 potions of flight {unknown}
 i - a potion of curing
 j - a potion of agility
 k - a potion of heal wounds
 o - a potion of degeneration
 t - 2 potions of brilliance
Comestibles
 f - 7 rations


   Skills:
 - Level 3.6 Fighting
 + Level 11.3 Axes
 - Level 3.2 Armour
 - Level 3.2 Shields


You had 6 spell levels left.
You didn't know any spells.
Your spell library was empty.

Dungeon Overview and Level Annotations

Branches:
Dungeon (5/15)
 Temple: D:4-7

Altars:
Ru
Vehumet
Wu Jian
Yredelemnul
Zin

Annotations:
D:5 exclusion: statue


Message History

Press: ? - help, Shift-Dir - straight line The puff of flame hits something.
Something hits you but does no damage.
Evoke which item? (* to show all) (? for menu, Esc to quit)
Aiming: Throw Flame
Press: ? - help, Shift-Dir - straight line The puff of flame hits something.
Something hits you.
* * * LOW HITPOINT WARNING * * *
Something shocks you.
* * * LOW HITPOINT WARNING * * *
Evoke which item? (* to show all) (? for menu, Esc to quit)
Aiming: Throw Flame
Press: ? - help, Shift-Dir - straight line The puff of flame hits something.
You block something's attack.
Evoke which item? (* to show all) (? for menu, Esc to quit)
Aiming: Throw Flame
Press: ? - help, Shift-Dir - straight line The puff of flame hits something.
Something hits you.
* * * LOW HITPOINT WARNING * * *
Something shocks you.
You die...

##...#.##...^.....###
#)###..##.###.......##
#.........# ##.....##
#####.##### ##...## ###.#
##+## #...# #.# ####.#.##
#.# #.......#########.##
#..P.P..@{....##...######
####+########.#.....#....
#.##...##.### #.........#
#####.##### #.# #.# #.#
#.#


There were no monsters in sight!

Vanquished Creatures
  Edmund (D:5)
  Duvessa (D:5)
  A black bear (D:4)
  Dowan (D:5)
  A quasit (D:5)
  2 hounds
  An orc priest (D:5)
  Jessica (D:2)
  Ijyb (D:5)
  An iguana (D:4)
  3 worker ants
  A hound skeleton (D:4)
  5 adders
  2 oozes
  A worm (D:3)
  2 dart slugs
  A leopard gecko (D:2)
  15 orcs
  3 giant cockroaches
  6 goblins
  7 hobgoblins
  12 jackals
  6 bats
  8 frilled lizards
  A jackal skeleton (D:4)
  6 kobolds
  A leopard gecko skeleton (D:4)
  11 rats
102 creatures vanquished.

Notes
Turn   | Place    | Note
-------+----------+-------------------------------------------
     0 | D:1      | Delamore the Hill Orc Fighter began the quest for the Orb.
     0 | D:1      | Reached XP level 1. HP: 19/19 MP: 1/1
    52 | D:1      | Reached skill level 3 in Axes
   217 | D:1      | Reached XP level 2. HP: 23/26 MP: 2/2
   344 | D:1      | Reached skill level 4 in Axes
   562 | D:2      | Reached XP level 3. HP: 30/31 MP: 3/3
   662 | D:2      | Reached skill level 5 in Axes
   669 | D:2      | Found a basalt altar of Yredelemnul.
   732 | D:2      | Noticed Jessica
   751 | D:2      | Killed Jessica
   751 | D:2      | Reached skill level 6 in Axes
   751 | D:2      | Reached XP level 4. HP: 26/39 MP: 4/4
  1337 | D:3      | Reached XP level 5. HP: 45/45 MP: 5/5
  1556 | D:3      | Found a sacrificial altar of Ru.
  1651 | D:3      | Reached skill level 7 in Axes
  1665 | D:3      | Found an ornate altar of the Wu Jian Council.
  2419 | D:4      | Reached skill level 8 in Axes
  2419 | D:4      | Reached XP level 6. HP: 10/51 MP: 6/6
  2487 | D:4      | Noticed a black bear
  2490 | D:4      | Killed a black bear
  2515 | D:4      | Reached skill level 9 in Axes
  3102 | D:5      | Entered Level 5 of the Dungeon
  3148 | D:5      | Found a glowing silver altar of Zin.
  3148 | D:5      | Noticed Dowan
  3148 | D:5      | Noticed Duvessa
  3162 | D:5      | Killed Duvessa
  3162 | D:5      | Reached skill level 10 in Axes
  3162 | D:5      | Reached XP level 7. HP: 25/57 MP: 7/7
  3166 | D:5      | Killed Dowan
  3667 | D:5      | Found a radiant altar of Vehumet.
  3745 | D:5      | Noticed Edmund
  3762 | D:5      | Killed Edmund
  3952 | D:5      | Reached skill level 11 in Axes
  4176 | D:5      | Noticed Ijyb
  4190 | D:5      | Killed Ijyb
  4583 | D:5      | Slain by a sky beast

Levels and vault maps discovered:
D:1:      dpeg_arrival_rooms_c, layout_rooms
D:2:      layout_basic, old_standard_altar, kennysheep_another_room,
          uniq_jessica
D:3:      layout_basic, nicolae_ru_the_path_less_chosen,
          lemuel_coloured_pillars_altar, first_ration
D:4:      minmay_diamond_boxcup, layout_loops_ring
D:5:      layout_loops_corners, kennysheep_little_box, lemuel_round_altar,
          vehumet_statue, cheibrodos_gnoll_hut, uniq_duvessa,
          uniq_prince_ribbit1, uniq_ijyb, uniq_edmund

Skill      XL: |  1  2  3  4  5  6  7 |
---------------+----------------------+-----
Axes           | 3 4 6 8 10 11 | 11.3
Fighting       | |  3.6
Armour         | |  3.2
Shields        | |  3.2

Action                   |  1- 3 |  4- 6 |  7- 9 || total
-------------------------+-------+-------+-------++-------
Melee: War axe           |   105 |   209 |    95 ||   409
Evoke: Wand              |       |       |     7 ||     7
  Use: Scroll            |       |     8 |       ||     8
       Potion            |       |     2 |     4 ||     6
  Eat: Chunk             |       |     8 |       ||     8
       Ration            |       |       |     1 ||     1
Armor: Scale mail        |    53 |    77 |    72 ||   202
Dodge: Dodged            |    40 |    67 |    39 ||   146
Block: Shield            |    49 |    93 |    55 ||   197
